Vancouver Canucks vs Edmonton Oilers

Created - jeudi, 23 avril 2026 at 19:00

Goals
1 2 3 T
Vancouver Canucks 0 2 0 2
Edmonton Oilers 3 1 2 6
Shots
1 2 3 T
Vancouver Canucks 4 11 8 23
Edmonton Oilers 15 9 15 39

1st period

1. Edmonton Oilers , Connor McDavid 1 (Brayden Point 2) at 4:26
2. Edmonton Oilers , Connor McDavid 2 (Ryan Nugent-Hopkins 4) at 7:49 (PP)
3. Edmonton Oilers , Brayden Point 1 (Connor McDavid 2, Tom Wilson 1) at 14:07

Penalties :
Brock Boeser (VAN) for Hooking (Minor) at 7:43

2nd period

4. Edmonton Oilers , Nick Foligno 1 (Gabriel Vilardi 1, Ryan Nugent-Hopkins 5) at 0:39
5. Vancouver Canucks , Elias Pettersson 1 (Quinn Hughes 3, Cale Makar 1) at 2:32 (PP)
6. Vancouver Canucks , Matthew Knies 2 (Cale Makar 2, Casey Mittelstadt 1) at 9:07

Penalties :
Tom Wilson (EDM) for Tripping (Minor) at 1:14, Chris Tanev (VAN) for Interference (Minor) at 12:13

3rd period

7. Edmonton Oilers , Ryan McLeod 1 (Jordan Eberle 1, Evan Bouchard 1) at 4:53
8. Edmonton Oilers , Brayden Point 2 (Connor McDavid 3, John Carlson 1) at 10:25

Penalties :
Nate Schmidt (VAN) for Boarding (Minor) at 18:09

Goalie Stats

Jacob Markstrom (VAN), 13 saves from 17 shots - (0.765), L, 0-1-1, 20:39 minutes
Spencer Martin (VAN), 20 saves from 22 shots - (0.909), 39:21 minutes
Andrei Vasilevskiy (EDM), 21 saves from 23 shots - (0.913), W, 2-0-0, 60:00 minutes

Players Stats for Vancouver Canucks

Player Name              G  A  P  +/- PIM S  H  SB GA TA FO     MP     PP MP  PK MP  
------------------------------------------------------------------------------------
Bo Horvat                0  0  0  -1  0   3  1  0  0  0  15/23  18:16   0:34   2:38 
Brock Boeser             0  0  0   0  2   1  1  2  0  0  0/0    17:40   0:44   0:00 
Cale Makar               0  2  2  -2  0   3  3  0  0  0  0/0    28:04   0:44   1:42 
Casey Mittelstadt        0  1  1  -1  0   0  1  0  0  0  0/1    14:16   0:00   0:00 
Chris Tanev              0  0  0   1  2   0  0  0  0  0  0/0    18:38   0:00   0:40 
David Kampf              0  0  0  -1  0   0  2  0  0  0  5/18   13:45   0:00   1:17 
Elias Pettersson         1  0  1   0  0   4  1  0  0  0  1/1    18:34   0:44   0:29 
Mason Appleton           0  0  0  -1  0   1  0  0  0  0  0/2    11:58   0:00   0:21 
Matthew Knies            1  0  1  -1  0   4  3  0  0  0  2/2    15:12   0:34   0:00 
Nate Schmidt             0  0  0   0  2   1  4  0  0  0  0/0    16:25   0:34   0:00 
Oliver Ekman-Larsson     0  0  0  -3  0   1  2  0  0  0  0/0    21:01   0:34   2:03 
Phillip Di Giuseppe      0  0  0  -1  0   0  2  1  0  0  0/0    11:37   0:00   0:00 
Pius Suter               0  0  0  -2  0   0  0  0  0  0  1/1    15:18   0:34   2:38 
Quinn Hughes             0  1  1  -3  0   1  0  0  0  0  0/0    14:06   0:44   1:21 
Thomas Novak             0  0  0  -2  0   0  0  0  0  0  3/13   12:54   0:00   0:00 
Travis Hamonic           0  0  0  -1  0   0  1  2  0  0  0/0    17:18   0:00   1:35 
Vasily Podkolzin         0  0  0  -2  0   0  1  0  0  0  0/0    12:54   0:00   0:00 
Wyatt Johnston           0  0  0   0  0   4  1  0  0  0  15/23  18:06   0:44   0:56 

Players Stats for Edmonton Oilers

Player Name              G  A  P  +/- PIM S  H  SB GA TA FO     MP     PP MP  PK MP  
------------------------------------------------------------------------------------
Alexander Kerfoot        0  0  0   0  0   1  0  0  0  0  8/17    9:40   0:00   0:38 
Brayden Point            2  1  3   3  0   4  0  0  0  0  2/2    21:04   1:59   0:00 
Cody Ceci                0  0  0   0  0   1  0  1  0  0  0/0    16:19   0:14   0:18 
Connor McDavid           2  2  4   3  0   8  1  1  0  0  12/25  21:18   2:13   0:00 
Craig Smith              0  0  0   0  0   0  0  0  0  0  1/1     9:02   0:00   0:00 
Dmitry Kulikov           0  0  0   0  0   0  0  0  0  0  0/0    13:23   0:00   0:18 
Evan Bouchard            0  1  1   1  0   1  0  0  0  0  0/0    19:37   1:59   0:00 
Gabriel Vilardi          0  1  1   1  0   3  0  0  0  0  10/20  15:33   1:42   0:00 
Joel Armia               0  0  0   0  0   1  1  0  0  0  0/0    13:29   0:00   0:40 
John Carlson             0  1  1   3  0   1  1  2  0  0  0/0    24:04   1:42   1:00 
Jordan Eberle            0  1  1   0  0   3  0  0  0  0  0/0    14:31   1:42   0:00 
Marcus Foligno           0  0  0   0  0   3  0  0  0  0  0/0     9:02   0:00   0:00 
Nick Foligno             1  0  1   1  0   2  2  0  0  0  0/1    14:29   0:00   0:38 
Ryan McLeod              1  0  1   0  0   3  0  0  0  0  9/18   13:43   0:14   0:40 
Ryan Nugent-Hopkins      0  2  2   1  0   0  1  0  0  0  0/0    16:04   2:13   0:00 
Ryan Pulock              0  0  0   1  0   0  1  0  0  0  0/0    20:20   1:42   1:00 
Tom Wilson               0  1  1   3  2   5  4  0  0  0  0/0    20:46   1:42   0:00 
Zach Werenski            0  0  0   3  0   3  2  0  0  0  0/0    26:17   2:13   0:00 

3 Stars

1 - Connor McDavid (EDM)
2 - Brayden Point (EDM)
3 - Nick Foligno (EDM)

Power Play

Vancouver Canucks - 1 on 1 Attempt(s) - 100.00%
Edmonton Oilers - 1 on 3 Attempt(s) - 33.33%

Penalty Kill

Vancouver Canucks - 2 on 3 Attempt(s) - 66.67% - Score 0 goal in Penalty Kill
Edmonton Oilers - 0 on 1 Attempt(s) - 0.00% - Score 0 goal in Penalty Kill

Team Stat

Vancouver Canucks - Hits : 23 - Faceoff Wins : 42 - Blocked Shots : 5 - Penalty Minutes : 6
Edmonton Oilers - Hits : 13 - Faceoff Wins : 42 - Blocked Shots : 4 - Penalty Minutes : 2

Official

Referees : Jean Hebert and Furman South
Linesman : CJ Murray and Kyle Flemington

Game Notes

Spencer Martin enters game at 0:39 of 2nd period
Quinn Hughes is injured at 15:00 of 2nd period (Broken Bone (Right Ankle))

Finance

Level 1 -- Attendance: 9863 (93.05%) -- Ticket Income $ 1 183 560
Level 2 -- Attendance: 1916 (87.09%) -- Ticket Income $ 191 600
Level 3 -- Attendance: 3306 (89.35%) -- Ticket Income $ 231 420
Level 4 -- Attendance: 1424 (98.21%) -- Ticket Income $ 61 232
Luxury Box -- Attendance: 50 (100.00%) -- Ticket Income $ 12 500
Game was played at the Rogers Place.
Total Attendance: 16559 (91.99%)
Total Ticket Income: $ 1 680 312
Total Income: $ 1 680 312

Vancouver Canucks

5 vs 5 Forward 
   Center                   Left Wing                Right Wing               Time % Phy DF OF 
 1 Wyatt Johnston           Elias Pettersson         Brock Boeser             30     0   1  4  
 2 Bo Horvat                Matthew Knies            Casey Mittelstadt        27     1   1  3  
 3 Thomas Novak             Pius Suter               Vasily Podkolzin         24     1   2  2  
 4 David Kampf              Phillip Di Giuseppe      Mason Appleton           19     1   2  2  

5 vs 5 Defense 
   Defense                  Defense                                           Time % Phy DF OF 
 1 Cale Makar               Chris Tanev                                       42     0   2  3  
 2 Oliver Ekman-Larsson     Quinn Hughes                                      36     0   2  3  
 3 Nate Schmidt             Travis Hamonic                                    22     1   2  2  
 4 Cale Makar               Quinn Hughes                                      0      1   2  2  

PowerPlay Forward 
   Center                   Left Wing                Right Wing               Time % Phy DF OF 
 1 Wyatt Johnston           Elias Pettersson         Brock Boeser             55     0   0  5  
 2 Bo Horvat                Matthew Knies            Pius Suter               45     0   1  4  

PowerPlay Defense
   Defense                  Defense                                           Time % Phy DF OF 
 1 Quinn Hughes             Cale Makar                                        55     0   0  5  
 2 Oliver Ekman-Larsson     Nate Schmidt                                      45     0   1  4  

Penalty Kill 4 Players Forward 
   Center                   Wing                     Time % Phy DF OF 
 1 Bo Horvat                Pius Suter               50     0   1  4  
 2 David Kampf              Wyatt Johnston           50     0   4  1  

Penalty Kill 4 Players Defense
   Defense                  Defense                  Time % Phy DF OF 
 1 Cale Makar               Chris Tanev              50     1   4  0  
 2 Oliver Ekman-Larsson     Quinn Hughes             50     1   4  0  

Penalty Kill - 3 Players Forward 
   Forward                                           Time % Phy DF OF 
 1 Bo Horvat                                         55     0   5  0  
 2 Wyatt Johnston                                    45     0   5  0  

Penalty Kill - 3 Players Defense
   Defense                  Defense                  Time % Phy DF OF 
 1 Cale Makar               Chris Tanev              55     1   4  0  
 2 Oliver Ekman-Larsson     Quinn Hughes             45     1   4  0  

4 vs 4 Forward 
   Center                   Wing                     Time % Phy DF OF 
 1 Bo Horvat                Brock Boeser             50     0   2  3  
 2 Wyatt Johnston           Elias Pettersson         50     0   2  3  

4 vs 4 Defense
   Defense                  Defense                  Time % Phy DF OF 
 1 Cale Makar               Chris Tanev              50     0   3  2  
 2 Oliver Ekman-Larsson     Quinn Hughes             50     0   3  2  

Last Minutes Offensive
   Center                   Left Wing                Right Wing               Defense                  Defense                  
   Wyatt Johnston           Matthew Knies            Brock Boeser             Cale Makar               Quinn Hughes             

Last Minutes Defensive
   Center                   Left Wing                Right Wing               Defense                  Defense                  
   Bo Horvat                Pius Suter               David Kampf              Oliver Ekman-Larsson     Chris Tanev              

Goaltenders
Starting : Jacob Markstrom          
Backup : Spencer Martin           

Extra Forwards
Normal : Elias Pettersson, Matthew Knies, Brock Boeser - PP : Elias Pettersson, Matthew Knies - PK : Mason Appleton
Extra Defensemen
Normal : Cale Makar, Quinn Hughes, Oliver Ekman-Larsson - PP : Cale Makar - PK : Oliver Ekman-Larsson, Cale Makar
Penalty Shots
Wyatt Johnston, Cale Makar, Brock Boeser, Bo Horvat, Matthew Knies
Custom OT Lines Forwards
Brock Boeser, Wyatt Johnston, Bo Horvat, Matthew Knies, Elias Pettersson, Casey Mittelstadt, Thomas Novak, Pius Suter, Vasily Podkolzin, Mason Appleton
Custom OT Lines Defensemen
Cale Makar, Quinn Hughes, Oliver Ekman-Larsson, Chris Tanev, Nate Schmidt

Scratches
Erik Brannstrom (Healthy), Jonah Gadjovich (Healthy)

Edmonton Oilers

5 vs 5 Forward 
   Center                   Left Wing                Right Wing               Time % Phy DF OF 
 1 Connor McDavid           Tom Wilson               Brayden Point            35     1   1  3  
 2 Gabriel Vilardi          Ryan Nugent-Hopkins      Nick Foligno             26     1   2  2  
 3 Ryan McLeod              Joel Armia               Jordan Eberle            24     1   3  1  
 4 Alexander Kerfoot        Craig Smith              Marcus Foligno           15     2   2  1  

5 vs 5 Defense 
   Defense                  Defense                                           Time % Phy DF OF 
 1 Zach Werenski            Cody Ceci                                         30     0   4  1  
 2 Dmitry Kulikov           John Carlson                                      25     1   3  1  
 3 Evan Bouchard            Ryan Pulock                                       25     0   4  1  
 4 Zach Werenski            John Carlson                                      20     0   3  2  

PowerPlay Forward 
   Center                   Left Wing                Right Wing               Time % Phy DF OF 
 1 Connor McDavid           Ryan Nugent-Hopkins      Brayden Point            60     0   0  5  
 2 Gabriel Vilardi          Tom Wilson               Jordan Eberle            40     0   0  5  

PowerPlay Defense
   Defense                  Defense                                           Time % Phy DF OF 
 1 Zach Werenski            Evan Bouchard                                     60     0   0  5  
 2 Ryan Pulock              John Carlson                                      40     0   1  4  

Penalty Kill 4 Players Forward 
   Center                   Wing                     Time % Phy DF OF 
 1 Ryan McLeod              Joel Armia               55     0   5  0  
 2 Alexander Kerfoot        Nick Foligno             45     0   5  0  

Penalty Kill 4 Players Defense
   Defense                  Defense                  Time % Phy DF OF 
 1 Ryan Pulock              John Carlson             50     0   5  0  
 2 Dmitry Kulikov           Cody Ceci                50     0   5  0  

Penalty Kill - 3 Players Forward 
   Forward                                           Time % Phy DF OF 
 1 Ryan McLeod                                       50     0   5  0  
 2 Alexander Kerfoot                                 50     0   5  0  

Penalty Kill - 3 Players Defense
   Defense                  Defense                  Time % Phy DF OF 
 1 Ryan Pulock              John Carlson             50     1   4  0  
 2 Dmitry Kulikov           Cody Ceci                50     1   4  0  

4 vs 4 Forward 
   Center                   Wing                     Time % Phy DF OF 
 1 Connor McDavid           Brayden Point            50     0   1  4  
 2 Gabriel Vilardi          Ryan Nugent-Hopkins      50     1   2  2  

4 vs 4 Defense
   Defense                  Defense                  Time % Phy DF OF 
 1 Zach Werenski            Cody Ceci                55     0   4  1  
 2 Evan Bouchard            John Carlson             45     0   4  1  

Last Minutes Offensive
   Center                   Left Wing                Right Wing               Defense                  Defense                  
   Connor McDavid           Tom Wilson               Brayden Point            Zach Werenski            Evan Bouchard            

Last Minutes Defensive
   Center                   Left Wing                Right Wing               Defense                  Defense                  
   Ryan Nugent-Hopkins      Tom Wilson               Nick Foligno             Zach Werenski            John Carlson             

Goaltenders
Starting : Andrei Vasilevskiy       
Backup : Joel Hofer               

Extra Forwards
Normal : Connor McDavid, Tom Wilson, Ryan McLeod - PP : Ryan McLeod, Nick Foligno - PK : Connor McDavid
Extra Defensemen
Normal : Zach Werenski, John Carlson, Evan Bouchard - PP : Cody Ceci - PK : Zach Werenski, Evan Bouchard
Penalty Shots
Brayden Point, Connor McDavid, Gabriel Vilardi, Jordan Eberle, Tom Wilson
Custom OT Lines Forwards
Connor McDavid, Brayden Point, Ryan Nugent-Hopkins, Tom Wilson, Ryan McLeod, Nick Foligno, Alexander Kerfoot, Jordan Eberle, Joel Armia, 
Custom OT Lines Defensemen
Zach Werenski, John Carlson, Evan Bouchard, Cody Ceci, Ryan Pulock

Scratches
Calvin Pickard (Healthy)

% Time on Ice - Vancouver Canucks

Lines # - Real PCT - Wanted PCT - Time Play
Normal Forward
1 - 30% - 30% - 16:26
2 - 25% - 27% - 13:50
3 - 24% - 24% - 12:54
4 - 21% - 19% - 11:37
Normal Defense
1 - 27% - 42% - 14:48
2 - 32% - 36% - 17:31
3 - 25% - 22% - 13:48
4 - 16% - 0% - 8:40
PP Forward
1 - 56% - 55% - 0:44
2 - 44% - 45% - 0:34
PP Defense
1 - 56% - 55% - 0:44
2 - 44% - 45% - 0:34
PK Forward
1 - 67% - 50% - 2:38
2 - 33% - 50% - 1:17
PK Defense
1 - 0% - 50% - 0:00
2 - 100% - 50% - 3:55
PK3 Forward
1 - 0% - 55%
2 - 0% - 45%
PK3 Defense
1 - 0% - 55%
2 - 0% - 45%
44 Forward
1 - 0% - 50%
2 - 0% - 50%
44 Defense
1 - 0% - 50%
2 - 0% - 50%
Last Minute Offensive  - 0:00
Last Minute Defensive  - 0:00
Total
Forward - 60:00
Defense - 60:00

% Time on Ice - Edmonton Oilers

Lines # - Real PCT - Wanted PCT - Time Play
Normal Forward
1 - 35% - 35% - 19:05
2 - 25% - 26% - 13:51
3 - 23% - 24% - 12:49
4 - 16% - 15% - 9:02
Normal Defense
1 - 29% - 30% - 15:47
2 - 24% - 25% - 13:05
3 - 32% - 25% - 17:38
4 - 15% - 20% - 8:17
PP Forward
1 - 57% - 60% - 2:13
2 - 43% - 40% - 1:42
PP Defense
1 - 57% - 60% - 2:13
2 - 43% - 40% - 1:42
PK Forward
1 - 51% - 55% - 0:40
2 - 49% - 45% - 0:38
PK Defense
1 - 77% - 50% - 1:00
2 - 23% - 50% - 0:18
PK3 Forward
1 - 0% - 50%
2 - 0% - 50%
PK3 Defense
1 - 0% - 50%
2 - 0% - 50%
44 Forward
1 - 0% - 50%
2 - 0% - 50%
44 Defense
1 - 0% - 55%
2 - 0% - 45%
Last Minute Offensive  - 0:00
Last Minute Defensive  - 0:00
Total
Forward - 60:00
Defense - 60:00

Play-by-Play

1st period


0:01 of 1st period - Wyatt Johnston wins face-off versus Connor McDavid in neutral zone.
0:08 of 1st period - Shot by Wyatt Johnston.
0:08 of 1st period - Stopped by Andrei Vasilevskiy with a rebound.
0:10 of 1st period - Shot by Brock Boeser.
0:10 of 1st period - Shot Misses the Net.
0:12 of 1st period - Shot by Wyatt Johnston.
0:12 of 1st period - Stopped by Andrei Vasilevskiy without a rebound.
0:13 of 1st period - Bo Horvat wins face-off versus Gabriel Vilardi in Edmonton Oilers zone.
0:38 of 1st period - Shot by Nick Foligno.
0:38 of 1st period - Shot Misses the Net.
0:40 of 1st period - Shot by Nick Foligno.
0:40 of 1st period - Stopped by Jacob Markstrom with a rebound.
1:11 of 1st period - Ryan Pulock is hit by Casey Mittelstadt and loses puck.
2:00 of 1st period - Phillip Di Giuseppe is hit by Joel Armia and loses puck.
2:21 of 1st period - Shot by Tom Wilson.
2:21 of 1st period - Shot Misses the Net.
2:23 of 1st period - Shot by Cody Ceci.
2:23 of 1st period - Shot Blocked by Phillip Di Giuseppe.
2:25 of 1st period - Shot by Connor McDavid.
2:25 of 1st period - Shot Misses the Net.
2:27 of 1st period - Shot by Zach Werenski.
2:27 of 1st period - Shot Misses the Net.
2:33 of 1st period - Shot by Tom Wilson.
2:33 of 1st period - Deflect By Brayden Point.
2:33 of 1st period - Shot Misses the Net.
3:05 of 1st period - Shot by Craig Smith.
3:05 of 1st period - Deflect By Alexander Kerfoot.
3:05 of 1st period - Shot Misses the Net.
3:07 of 1st period - Shot by John Carlson.
3:07 of 1st period - Shot Misses the Net.
3:09 of 1st period - Shot by Marcus Foligno.
3:09 of 1st period - Stopped by Jacob Markstrom without a rebound.
3:10 of 1st period - Elias Pettersson wins face-off versus Gabriel Vilardi in Vancouver Canucks zone.
3:36 of 1st period - Shot by Gabriel Vilardi.
3:36 of 1st period - Stopped by Jacob Markstrom without a rebound.
3:37 of 1st period - Alexander Kerfoot wins face-off versus Thomas Novak in Vancouver Canucks zone.
3:40 of 1st period - Shot by Marcus Foligno.
3:40 of 1st period - Stopped by Jacob Markstrom without a rebound.
3:41 of 1st period - Alexander Kerfoot wins face-off versus Thomas Novak in Vancouver Canucks zone.
3:57 of 1st period - Marcus Foligno is hit by Oliver Ekman-Larsson and loses puck.
4:22 of 1st period - Icing by Quinn Hughes.
4:23 of 1st period - Connor McDavid wins face-off versus Thomas Novak in Vancouver Canucks zone.
4:24 of 1st period - Shot by Brayden Point.
4:24 of 1st period - Shot Misses the Net.
4:26 of 1st period - Shot by Connor McDavid.
4:26 of 1st period - Goal by Connor McDavid - Vancouver Canucks : 0 - Edmonton Oilers : 1.
4:27 of 1st period - Wyatt Johnston wins face-off versus Connor McDavid in neutral zone.
4:29 of 1st period - Brock Boeser is hit by Zach Werenski and loses puck.
5:20 of 1st period - Shot by Jordan Eberle.
5:20 of 1st period - Stopped by Jacob Markstrom without a rebound.
5:21 of 1st period - Bo Horvat wins face-off versus Ryan McLeod in Vancouver Canucks zone.
5:42 of 1st period - Jordan Eberle is hit by Nate Schmidt and loses puck.
6:11 of 1st period - Icing by Quinn Hughes.
6:12 of 1st period - David Kampf wins face-off versus Gabriel Vilardi in Vancouver Canucks zone.
6:33 of 1st period - Shot by Ryan Pulock.
6:33 of 1st period - Shot Misses the Net.
6:39 of 1st period - Ryan Pulock is hit by David Kampf and loses puck.
6:59 of 1st period - Connor McDavid is hit by Cale Makar and loses puck.
7:14 of 1st period - Shot by Pius Suter.
7:14 of 1st period - Shot Blocked by John Carlson.
7:41 of 1st period - Off-side.
7:42 of 1st period - Alexander Kerfoot wins face-off versus Wyatt Johnston in neutral zone.
7:42 of 1st period - Alexander Kerfoot is hit by Brock Boeser.
7:43 of 1st period - Minor Penalty to Brock Boeser for Hooking.
7:44 of 1st period - Connor McDavid wins face-off versus David Kampf in Vancouver Canucks zone.
7:45 of 1st period - Shot by Zach Werenski.
7:45 of 1st period - Stopped by Jacob Markstrom without a rebound.
7:46 of 1st period - Connor McDavid wins face-off versus David Kampf in Vancouver Canucks zone.
7:49 of 1st period - Shot by Ryan Nugent-Hopkins.
7:49 of 1st period - Deflect By Connor McDavid.
7:49 of 1st period - Goal by Connor McDavid - Vancouver Canucks : 0 - Edmonton Oilers : 2.
7:50 of 1st period - Gabriel Vilardi wins face-off versus Wyatt Johnston in neutral zone.
8:17 of 1st period - Shot by Gabriel Vilardi.
8:17 of 1st period - Shot Misses the Net.
8:19 of 1st period - Shot by Nick Foligno.
8:19 of 1st period - Shot Misses the Net.
9:00 of 1st period - Off-side.
9:01 of 1st period - David Kampf wins face-off versus Ryan McLeod in neutral zone.
9:14 of 1st period - Ryan McLeod is hit by David Kampf and loses puck.
9:33 of 1st period - Shot by Ryan McLeod.
9:33 of 1st period - Shot Misses the Net.
9:48 of 1st period - Icing by Alexander Kerfoot.
9:49 of 1st period - Alexander Kerfoot wins face-off versus Bo Horvat in Edmonton Oilers zone.
10:43 of 1st period - Travis Hamonic is hit by Tom Wilson and loses puck.
10:48 of 1st period - Shot by Evan Bouchard.
10:48 of 1st period - Shot Misses the Net.
10:50 of 1st period - Shot by Connor McDavid.
10:50 of 1st period - Stopped by Jacob Markstrom with a rebound.
11:02 of 1st period - Shot by Brayden Point.
11:02 of 1st period - Stopped by Jacob Markstrom without a rebound.
11:03 of 1st period - Gabriel Vilardi wins face-off versus Wyatt Johnston in Vancouver Canucks zone.
11:06 of 1st period - Shot by Gabriel Vilardi.
11:06 of 1st period - Stopped by Jacob Markstrom without a rebound.
11:07 of 1st period - Wyatt Johnston wins face-off versus Gabriel Vilardi in Vancouver Canucks zone.
12:46 of 1st period - Shot by Tom Wilson.
12:46 of 1st period - Stopped by Jacob Markstrom without a rebound.
12:47 of 1st period - Ryan McLeod wins face-off versus David Kampf in Vancouver Canucks zone.
12:56 of 1st period - Shot by Ryan McLeod.
12:56 of 1st period - Stopped by Jacob Markstrom without a rebound.
12:57 of 1st period - Alexander Kerfoot wins face-off versus Wyatt Johnston in Vancouver Canucks zone.
13:43 of 1st period - Shot by Bo Horvat.
13:43 of 1st period - Shot Misses the Net.
13:45 of 1st period - Shot by Matthew Knies.
13:45 of 1st period - Shot Misses the Net.
13:47 of 1st period - Shot by Nate Schmidt.
13:47 of 1st period - Stopped by Andrei Vasilevskiy without a rebound.
13:48 of 1st period - Connor McDavid wins face-off versus David Kampf in Edmonton Oilers zone.
14:07 of 1st period - Shot by Brayden Point.
14:07 of 1st period - Goal by Brayden Point - Vancouver Canucks : 0 - Edmonton Oilers : 3.
14:08 of 1st period - Bo Horvat wins face-off versus Ryan McLeod in neutral zone.
15:54 of 1st period - Shot by Wyatt Johnston.
15:54 of 1st period - Shot Misses the Net.
16:38 of 1st period - Shot by Oliver Ekman-Larsson.
16:38 of 1st period - Stopped by Andrei Vasilevskiy without a rebound.
16:39 of 1st period - David Kampf wins face-off versus Alexander Kerfoot in Edmonton Oilers zone.
17:05 of 1st period - Marcus Foligno is hit by Phillip Di Giuseppe and loses puck.
17:40 of 1st period - Shot by Jordan Eberle.
17:40 of 1st period - Stopped by Jacob Markstrom without a rebound.
17:41 of 1st period - Connor McDavid wins face-off versus Thomas Novak in Vancouver Canucks zone.
18:29 of 1st period - Casey Mittelstadt is hit by Zach Werenski.
19:04 of 1st period - Icing by Quinn Hughes.
19:05 of 1st period - Wyatt Johnston wins face-off versus Gabriel Vilardi in Vancouver Canucks zone.
19:15 of 1st period - Icing by Zach Werenski.
19:16 of 1st period - Gabriel Vilardi wins face-off versus Mason Appleton in Edmonton Oilers zone.
19:26 of 1st period - Off-side.
19:27 of 1st period - Brayden Point wins face-off versus Thomas Novak in neutral zone.
19:52 of 1st period - Shot by Tom Wilson.
19:52 of 1st period - Shot Misses the Net.
Goals for this period are 0 for Vancouver Canucks vs 3 for Edmonton Oilers.
Shots for this period are 4 for Vancouver Canucks vs 15 for Edmonton Oilers.

2nd period


0:01 of 2nd period - Wyatt Johnston wins face-off versus Ryan McLeod in neutral zone.
0:16 of 2nd period - Shot by Elias Pettersson.
0:16 of 2nd period - Stopped by Andrei Vasilevskiy without a rebound.
0:17 of 2nd period - Matthew Knies wins face-off versus Connor McDavid in Edmonton Oilers zone.
0:25 of 2nd period - Icing by Oliver Ekman-Larsson.
0:26 of 2nd period - Gabriel Vilardi wins face-off versus Bo Horvat in Vancouver Canucks zone.
0:37 of 2nd period - Shot by Ryan Nugent-Hopkins.
0:37 of 2nd period - Deflect By Gabriel Vilardi.
0:37 of 2nd period - Stopped by Jacob Markstrom with a rebound.
0:39 of 2nd period - Shot by Nick Foligno.
0:39 of 2nd period - Goal by Nick Foligno - Vancouver Canucks : 0 - Edmonton Oilers : 4.
0:39 of 2nd period - Spencer Martin enters game.
0:40 of 2nd period - Wyatt Johnston wins face-off versus Connor McDavid in neutral zone.
0:42 of 2nd period - Cale Makar is hit by Connor McDavid and loses puck.
1:11 of 2nd period - Shot by Connor McDavid.
1:11 of 2nd period - Shot Misses the Net.
1:14 of 2nd period - Minor Penalty to Tom Wilson for Tripping.
1:15 of 2nd period - Bo Horvat wins face-off versus Ryan McLeod in Edmonton Oilers zone.
1:48 of 2nd period - Shot by Matthew Knies.
1:48 of 2nd period - Stopped by Andrei Vasilevskiy without a rebound.
1:49 of 2nd period - Wyatt Johnston wins face-off versus Alexander Kerfoot in Edmonton Oilers zone.
1:50 of 2nd period - Shot by Cale Makar.
1:50 of 2nd period - Stopped by Andrei Vasilevskiy without a rebound.
1:51 of 2nd period - Wyatt Johnston wins face-off versus Alexander Kerfoot in Edmonton Oilers zone.
2:00 of 2nd period - Shot by Wyatt Johnston.
2:00 of 2nd period - Deflect By Elias Pettersson.
2:00 of 2nd period - Stopped by Andrei Vasilevskiy without a rebound.
2:01 of 2nd period - Wyatt Johnston wins face-off versus Ryan McLeod in Edmonton Oilers zone.
2:26 of 2nd period - Shot by Quinn Hughes.
2:26 of 2nd period - Stopped by Andrei Vasilevskiy with a rebound.
2:28 of 2nd period - Shot by Brock Boeser.
2:28 of 2nd period - Shot Misses the Net.
2:30 of 2nd period - Shot by Cale Makar.
2:30 of 2nd period - Shot Blocked by John Carlson.
2:32 of 2nd period - Shot by Quinn Hughes.
2:32 of 2nd period - Deflect By Elias Pettersson.
2:32 of 2nd period - Goal by Elias Pettersson - Vancouver Canucks : 1 - Edmonton Oilers : 4.
2:33 of 2nd period - Connor McDavid wins face-off versus Thomas Novak in neutral zone.
2:55 of 2nd period - Brayden Point is hit by Nate Schmidt and loses puck.
3:36 of 2nd period - Shot by Bo Horvat.
3:36 of 2nd period - Shot Misses the Net.
3:40 of 2nd period - Shot by Bo Horvat.
3:40 of 2nd period - Stopped by Andrei Vasilevskiy without a rebound.
3:41 of 2nd period - Ryan McLeod wins face-off versus Wyatt Johnston in Edmonton Oilers zone.
3:57 of 2nd period - Jordan Eberle is hit by Oliver Ekman-Larsson and loses puck.
5:11 of 2nd period - Icing by Chris Tanev.
5:12 of 2nd period - Alexander Kerfoot wins face-off versus Thomas Novak in Vancouver Canucks zone.
5:52 of 2nd period - Icing by John Carlson.
5:53 of 2nd period - Wyatt Johnston wins face-off versus Alexander Kerfoot in Edmonton Oilers zone.
6:06 of 2nd period - Icing by Craig Smith.
6:07 of 2nd period - Bo Horvat wins face-off versus Alexander Kerfoot in Edmonton Oilers zone.
6:51 of 2nd period - Shot by Gabriel Vilardi.
6:51 of 2nd period - Shot Blocked by Travis Hamonic.
6:57 of 2nd period - Shot by Elias Pettersson.
6:57 of 2nd period - Stopped by Andrei Vasilevskiy without a rebound.
6:58 of 2nd period - Ryan McLeod wins face-off versus David Kampf in Edmonton Oilers zone.
7:21 of 2nd period - Shot by Zach Werenski.
7:21 of 2nd period - Shot Misses the Net.
7:23 of 2nd period - Shot by Joel Armia.
7:23 of 2nd period - Stopped by Spencer Martin without a rebound.
7:24 of 2nd period - Wyatt Johnston wins face-off versus Connor McDavid in Vancouver Canucks zone.
7:35 of 2nd period - Shot by Wyatt Johnston.
7:35 of 2nd period - Stopped by Andrei Vasilevskiy without a rebound.
7:36 of 2nd period - Connor McDavid wins face-off versus Thomas Novak in Edmonton Oilers zone.
7:36 of 2nd period - Ryan Pulock is hit by Vasily Podkolzin and loses puck.
8:05 of 2nd period - Shot by Pius Suter.
8:05 of 2nd period - Shot Misses the Net.
8:43 of 2nd period - Shot by Brock Boeser.
8:43 of 2nd period - Shot Misses the Net.
8:45 of 2nd period - Shot by Wyatt Johnston.
8:45 of 2nd period - Stopped by Andrei Vasilevskiy without a rebound.
8:46 of 2nd period - Bo Horvat wins face-off versus Ryan McLeod in Edmonton Oilers zone.
9:07 of 2nd period - Shot by Matthew Knies.
9:07 of 2nd period - Goal by Matthew Knies - Vancouver Canucks : 2 - Edmonton Oilers : 4.
9:08 of 2nd period - Gabriel Vilardi wins face-off versus David Kampf in neutral zone.
9:54 of 2nd period - Icing by Oliver Ekman-Larsson.
9:55 of 2nd period - Ryan McLeod wins face-off versus Mason Appleton in Vancouver Canucks zone.
11:29 of 2nd period - Cale Makar is hit by Tom Wilson and loses puck.
11:40 of 2nd period - Shot by Connor McDavid.
11:40 of 2nd period - Shot Blocked by Brock Boeser.
12:01 of 2nd period - Zach Werenski is hit by Wyatt Johnston and loses puck.
12:13 of 2nd period - Minor Penalty to Chris Tanev for Interference.
12:14 of 2nd period - Bo Horvat wins face-off versus Connor McDavid in Vancouver Canucks zone.
12:35 of 2nd period - Shot by Connor McDavid.
12:35 of 2nd period - Stopped by Spencer Martin without a rebound.
12:36 of 2nd period - Gabriel Vilardi wins face-off versus Bo Horvat in Vancouver Canucks zone.
12:49 of 2nd period - Shot by Tom Wilson.
12:49 of 2nd period - Stopped by Spencer Martin without a rebound.
12:50 of 2nd period - Connor McDavid wins face-off versus Bo Horvat in Vancouver Canucks zone.
14:41 of 2nd period - Shot by Marcus Foligno.
14:41 of 2nd period - Stopped by Spencer Martin with a rebound.
14:59 of 2nd period - Quinn Hughes is hit by Nick Foligno.
15:00 of 2nd period - Quinn Hughes from Vancouver Canucks is injured at 15:00 of 2nd period (Broken Bone (Right Ankle)).
15:01 of 2nd period - Connor McDavid wins face-off versus Bo Horvat in Vancouver Canucks zone.
15:22 of 2nd period - Shot by Brayden Point.
15:22 of 2nd period - Shot Blocked by Brock Boeser.
15:24 of 2nd period - Shot by Connor McDavid.
15:24 of 2nd period - Stopped by Spencer Martin without a rebound.
15:25 of 2nd period - Thomas Novak wins face-off versus Ryan McLeod in Vancouver Canucks zone.
15:52 of 2nd period - Shot by Thomas Novak.
15:52 of 2nd period - Shot Misses the Net.
17:09 of 2nd period - Off-side.
17:10 of 2nd period - Connor McDavid wins face-off versus Wyatt Johnston in neutral zone.
18:01 of 2nd period - Shot by Cody Ceci.
18:01 of 2nd period - Stopped by Spencer Martin without a rebound.
18:02 of 2nd period - Bo Horvat wins face-off versus Ryan McLeod in Vancouver Canucks zone.
18:04 of 2nd period - Icing by Matthew Knies.
18:05 of 2nd period - Ryan McLeod wins face-off versus Bo Horvat in Vancouver Canucks zone.
18:45 of 2nd period - Icing by Oliver Ekman-Larsson.
18:46 of 2nd period - Brayden Point wins face-off versus Casey Mittelstadt in Vancouver Canucks zone.
18:51 of 2nd period - Shot by Tom Wilson.
18:51 of 2nd period - Stopped by Spencer Martin without a rebound.
18:52 of 2nd period - Thomas Novak wins face-off versus Connor McDavid in Vancouver Canucks zone.
19:33 of 2nd period - Shot by Brayden Point.
19:33 of 2nd period - Shot Misses the Net.
19:59 of 2nd period - Shot by Mason Appleton.
19:59 of 2nd period - Shot Misses the Net.
Goals for this period are 2 for Vancouver Canucks vs 1 for Edmonton Oilers.
Shots for this period are 11 for Vancouver Canucks vs 9 for Edmonton Oilers.

3rd period


0:01 of 3rd period - Bo Horvat wins face-off versus Connor McDavid in neutral zone.
0:07 of 3rd period - Casey Mittelstadt is hit by John Carlson and loses puck.
0:30 of 3rd period - Shot by Matthew Knies.
0:30 of 3rd period - Stopped by Andrei Vasilevskiy without a rebound.
0:31 of 3rd period - Wyatt Johnston wins face-off versus Gabriel Vilardi in Edmonton Oilers zone.
0:54 of 3rd period - Shot by Wyatt Johnston.
0:54 of 3rd period - Shot Misses the Net.
2:03 of 3rd period - Shot by Cale Makar.
2:03 of 3rd period - Stopped by Andrei Vasilevskiy with a rebound.
2:05 of 3rd period - Shot by Bo Horvat.
2:05 of 3rd period - Stopped by Andrei Vasilevskiy without a rebound.
2:06 of 3rd period - Connor McDavid wins face-off versus David Kampf in Edmonton Oilers zone.
2:19 of 3rd period - Shot by Tom Wilson.
2:19 of 3rd period - Deflect By Connor McDavid.
2:19 of 3rd period - Shot Misses the Net.
2:27 of 3rd period - Shot by Connor McDavid.
2:27 of 3rd period - Stopped by Spencer Martin with a rebound.
2:29 of 3rd period - Shot by Connor McDavid.
2:29 of 3rd period - Shot Misses the Net.
2:34 of 3rd period - Tom Wilson is hit by Travis Hamonic and loses puck.
2:41 of 3rd period - Shot by Connor McDavid.
2:41 of 3rd period - Stopped by Spencer Martin with a rebound.
2:46 of 3rd period - Icing by Travis Hamonic.
2:47 of 3rd period - David Kampf wins face-off versus Alexander Kerfoot in Vancouver Canucks zone.
2:57 of 3rd period - Icing by Ryan Pulock.
2:58 of 3rd period - Bo Horvat wins face-off versus Alexander Kerfoot in Edmonton Oilers zone.
3:07 of 3rd period - Shot by Casey Mittelstadt.
3:07 of 3rd period - Deflect By Matthew Knies.
3:07 of 3rd period - Stopped by Andrei Vasilevskiy without a rebound.
3:08 of 3rd period - Gabriel Vilardi wins face-off versus Wyatt Johnston in Edmonton Oilers zone.
4:19 of 3rd period - Shot by Casey Mittelstadt.
4:19 of 3rd period - Shot Misses the Net.
4:21 of 3rd period - Shot by Bo Horvat.
4:21 of 3rd period - Shot Misses the Net.
4:35 of 3rd period - Shot by Brayden Point.
4:35 of 3rd period - Stopped by Spencer Martin without a rebound.
4:36 of 3rd period - Ryan McLeod wins face-off versus Thomas Novak in Vancouver Canucks zone.
4:51 of 3rd period - Shot by Ryan McLeod.
4:51 of 3rd period - Shot Misses the Net.
4:53 of 3rd period - Shot by Ryan McLeod.
4:53 of 3rd period - Goal by Ryan McLeod - Vancouver Canucks : 2 - Edmonton Oilers : 5.
4:54 of 3rd period - Craig Smith wins face-off versus David Kampf in neutral zone.
5:06 of 3rd period - Icing by David Kampf.
5:07 of 3rd period - David Kampf wins face-off versus Connor McDavid in Vancouver Canucks zone.
5:07 of 3rd period - David Kampf is hit by Tom Wilson.
5:17 of 3rd period - Shot by Mason Appleton.
5:17 of 3rd period - Stopped by Andrei Vasilevskiy without a rebound.
5:18 of 3rd period - Ryan McLeod wins face-off versus Bo Horvat in Edmonton Oilers zone.
5:18 of 3rd period - Ryan McLeod is hit by Matthew Knies.
5:38 of 3rd period - Shot by Ryan McLeod.
5:38 of 3rd period - Stopped by Spencer Martin without a rebound.
5:39 of 3rd period - Thomas Novak wins face-off versus Connor McDavid in Vancouver Canucks zone.
5:51 of 3rd period - Shot by Pius Suter.
5:51 of 3rd period - Shot Misses the Net.
5:53 of 3rd period - Shot by Pius Suter.
5:53 of 3rd period - Deflect By Thomas Novak.
5:53 of 3rd period - Shot Misses the Net.
5:55 of 3rd period - Shot by Cale Makar.
5:55 of 3rd period - Shot Misses the Net.
7:24 of 3rd period - Icing by John Carlson.
7:25 of 3rd period - Gabriel Vilardi wins face-off versus David Kampf in Edmonton Oilers zone.
7:44 of 3rd period - Icing by Nate Schmidt.
7:45 of 3rd period - Alexander Kerfoot wins face-off versus David Kampf in Vancouver Canucks zone.
7:46 of 3rd period - Shot by Zach Werenski.
7:46 of 3rd period - Stopped by Spencer Martin without a rebound.
7:47 of 3rd period - Ryan McLeod wins face-off versus Bo Horvat in Vancouver Canucks zone.
8:12 of 3rd period - Shot by Bo Horvat.
8:12 of 3rd period - Shot Misses the Net.
8:56 of 3rd period - John Carlson is hit by Elias Pettersson and loses puck.
9:31 of 3rd period - Shot by Connor McDavid.
9:31 of 3rd period - Shot Misses the Net.
9:33 of 3rd period - Shot by Connor McDavid.
9:33 of 3rd period - Stopped by Spencer Martin without a rebound.
9:34 of 3rd period - Gabriel Vilardi wins face-off versus David Kampf in Vancouver Canucks zone.
9:34 of 3rd period - Evan Bouchard is hit by Cale Makar and loses puck.
9:51 of 3rd period - Shot by Gabriel Vilardi.
9:51 of 3rd period - Shot Misses the Net.
9:53 of 3rd period - Shot by Nick Foligno.
9:53 of 3rd period - Shot Misses the Net.
9:55 of 3rd period - Shot by Ryan Nugent-Hopkins.
9:55 of 3rd period - Shot Misses the Net.
9:57 of 3rd period - Shot by Evan Bouchard.
9:57 of 3rd period - Stopped by Spencer Martin without a rebound.
9:58 of 3rd period - Connor McDavid wins face-off versus Wyatt Johnston in Vancouver Canucks zone.
10:01 of 3rd period - Shot by Brayden Point.
10:01 of 3rd period - Shot Misses the Net.
10:03 of 3rd period - Shot by Zach Werenski.
10:03 of 3rd period - Shot Misses the Net.
10:05 of 3rd period - Shot by John Carlson.
10:05 of 3rd period - Stopped by Spencer Martin without a rebound.
10:06 of 3rd period - Matthew Knies wins face-off versus Connor McDavid in Vancouver Canucks zone.
10:16 of 3rd period - Connor McDavid is hit by Matthew Knies and loses puck.
10:25 of 3rd period - Shot by Connor McDavid.
10:25 of 3rd period - Deflect By Brayden Point.
10:25 of 3rd period - Goal by Brayden Point - Vancouver Canucks : 2 - Edmonton Oilers : 6.
10:26 of 3rd period - Ryan McLeod wins face-off versus Thomas Novak in neutral zone.
11:23 of 3rd period - Shot by Bo Horvat.
11:23 of 3rd period - Shot Blocked by Connor McDavid.
11:25 of 3rd period - Shot by Bo Horvat.
11:25 of 3rd period - Deflect By Matthew Knies.
11:25 of 3rd period - Shot Misses the Net.
11:35 of 3rd period - Shot by Matthew Knies.
11:35 of 3rd period - Shot Misses the Net.
11:37 of 3rd period - Shot by Cale Makar.
11:37 of 3rd period - Stopped by Andrei Vasilevskiy without a rebound.
11:38 of 3rd period - Wyatt Johnston wins face-off versus Gabriel Vilardi in Edmonton Oilers zone.
11:55 of 3rd period - Shot by Brock Boeser.
11:55 of 3rd period - Stopped by Andrei Vasilevskiy without a rebound.
11:56 of 3rd period - Alexander Kerfoot wins face-off versus David Kampf in Edmonton Oilers zone.
11:56 of 3rd period - Alexander Kerfoot is hit by Phillip Di Giuseppe.
12:38 of 3rd period - Mason Appleton is hit by Tom Wilson and loses puck.
12:55 of 3rd period - Shot by Connor McDavid.
12:55 of 3rd period - Deflect By Tom Wilson.
12:55 of 3rd period - Stopped by Spencer Martin without a rebound.
12:56 of 3rd period - Wyatt Johnston wins face-off versus Nick Foligno in Vancouver Canucks zone.
13:18 of 3rd period - Nick Foligno is hit by Nate Schmidt and loses puck.
13:41 of 3rd period - Shot by Tom Wilson.
13:41 of 3rd period - Shot Blocked by Travis Hamonic.
13:48 of 3rd period - Tom Wilson is hit by Nate Schmidt and loses puck.
14:47 of 3rd period - Shot by Matthew Knies.
14:47 of 3rd period - Shot Blocked by Cody Ceci.
14:55 of 3rd period - Shot by Bo Horvat.
14:55 of 3rd period - Stopped by Andrei Vasilevskiy without a rebound.
14:56 of 3rd period - Pius Suter wins face-off versus Alexander Kerfoot in Edmonton Oilers zone.
14:56 of 3rd period - Vasily Podkolzin is hit by Ryan Pulock and loses puck.
15:25 of 3rd period - Shot by Alexander Kerfoot.
15:25 of 3rd period - Stopped by Spencer Martin without a rebound.
15:26 of 3rd period - Bo Horvat wins face-off versus Gabriel Vilardi in Vancouver Canucks zone.
15:26 of 3rd period - Bo Horvat is hit by Nick Foligno.
15:31 of 3rd period - Off-side.
15:32 of 3rd period - Bo Horvat wins face-off versus Gabriel Vilardi in neutral zone.
15:35 of 3rd period - Gabriel Vilardi is hit by Matthew Knies and loses puck.
15:41 of 3rd period - Nick Foligno is hit by Cale Makar and loses puck.
17:07 of 3rd period - Shot by Ryan McLeod.
17:07 of 3rd period - Deflect By Jordan Eberle.
17:07 of 3rd period - Stopped by Spencer Martin without a rebound.
17:08 of 3rd period - Wyatt Johnston wins face-off versus Alexander Kerfoot in Vancouver Canucks zone.
18:09 of 3rd period - Minor Penalty to Nate Schmidt for Boarding.
18:10 of 3rd period - Bo Horvat wins face-off versus Connor McDavid in Vancouver Canucks zone.
18:25 of 3rd period - Shot by Zach Werenski.
18:25 of 3rd period - Stopped by Spencer Martin without a rebound.
18:26 of 3rd period - Gabriel Vilardi wins face-off versus David Kampf in Vancouver Canucks zone.
18:35 of 3rd period - Shot by Tom Wilson.
18:35 of 3rd period - Stopped by Spencer Martin without a rebound.
18:36 of 3rd period - Bo Horvat wins face-off versus Connor McDavid in Vancouver Canucks zone.
18:56 of 3rd period - Cale Makar is hit by Ryan Nugent-Hopkins and loses puck.
19:25 of 3rd period - John Carlson is hit by Bo Horvat and loses puck.
19:47 of 3rd period - Icing by Jordan Eberle.
19:48 of 3rd period - Bo Horvat wins face-off versus Gabriel Vilardi in Edmonton Oilers zone.
Goals for this period are 0 for Vancouver Canucks vs 2 for Edmonton Oilers.
Shots for this period are 8 for Vancouver Canucks vs 15 for Edmonton Oilers.